 Dungeon Crawl Stone Soup version 0.18.1-6-gd335043 (webtiles) character file.

2140 deorigin the Basher (level 9, -11/84 HPs)
             Began as an Ogre Berserker on May 18, 2016.
             Was an Elder of Trog.
             Mangled by an orc warrior
             ... wielding a +0 flail
              (21 damage)
             ... on level 7 of the Dungeon.
             The game lasted 00:21:08 (7230 turns).

deorigin the Basher (Ogre Berserker)                Turns: 7230, Time: 00:21:09

Health: -11/84     AC:  6    Str: 24    XL:     9   Next: 30%
Magic:  9/9        EV: 10    Int:  6    God:    Trog [****..]
Gold:   287        SH:  0    Dex: 12    Spells: 0 memorised, 8 levels left

rFire  . . .     SeeInvis .     a - +0 morningstar
rCold  . . .     Gourm    .     b - +0 animal skin
rNeg   . . .     Faith    .     (no shield)
rPois  .         Spirit   .     (helmet restricted)
rElec  .         Dismiss  .     m - +2 cloak
rCorr  .         Reflect  .     (gloves unavailable)
SustAt .         Harm     .     (boots unavailable)
MR     .....                    (no amulet)
Stlth  +.........               (no ring)
                                (no ring)

@: exhausted, slowed, very slow, not resistant to hostile enchantments, very
unstealthy
A: unfitting armour, tough skin 1
a: Berserk, Trog's Hand, Brothers in Arms, Burn Spellbooks, Renounce Religion


You were on level 7 of the Dungeon.
You worshipped Trog.
Trog was greatly pleased with you.
You were hungry.

You visited 1 branch of the dungeon, and saw 7 of its levels.

You collected 287 gold pieces.

Inventory:

Hand Weapons
 a - a +0 morningstar (weapon)
 r - a +0 flail
Missiles
 k - 19 poisoned needles
 n - 14 javelins (quivered)
 y - 7 large rocks
Armour
 b - a +0 animal skin (worn)
 m - a +2 cloak (worn)
Jewellery
 C - an uncursed ring of flight {unknown}
Wands
 t - a wand of random effects (26/48)
 H - a wand of hasting (3/9)
 I - a wand of iceblast (10/15)
Scrolls
 e - 6 scrolls of identify
 f - 3 scrolls of remove curse
 g - 2 scrolls of amnesia {unknown}
 h - a scroll of recharging {unknown}
 i - 5 scrolls of enchant weapon {unknown}
 j - 3 scrolls of magic mapping {unknown}
 q - 2 scrolls of fog {unknown}
 s - 2 scrolls of random uselessness {unknown}
 v - 3 scrolls of immolation {unknown}
 w - a scroll of enchant armour {unknown}
 G - a scroll of teleportation {unknown}
Potions
 c - a potion of brilliance
 d - 3 potions of flight
 l - 2 potions of mutation
 p - 2 potions of agility
 z - 2 potions of might {unknown}
 A - a potion of heal wounds {unknown}
 B - 2 potions of degeneration {unknown}
 D - a potion of berserk rage {unknown}
 F - 2 potions of invisibility {unknown}
 J - 2 potions of ambrosia {unknown}
 L - a potion of cure mutation {unknown}
 M - a potion of cancellation {unknown}
Comestibles
 o - 3 slices of pizza
 u - 4 bread rations
 x - 6 meat rations


   Skills:
 - Level 4.0 Fighting
 + Level 14.4 Maces & Flails
 * Level 3.9 Throwing
 - Level 2.6 Dodging


You had 8 spell levels left.
You didn't know any spells.

Dungeon Overview and Level Annotations

Branches:
Dungeon (7/15)             Temple (0/1) D:5

Altars:
Ashenzari
Cheibriados
Dithmenos
Elyvilon
Fedhas
Gozag
Okawaru
Pakellas
Sif Muna
Xom

Shops:
D:6 *


Innate Abilities, Weirdness & Mutations

You are too large for most types of armour.
You have tough skin (AC +1).


Message History

The orc priest invokes the aid of Beogh against you.
Beogh smites you! The orc warrior hits you with a flail.
The orc wizard gestures at you while chanting.
The magic dart hits you!
Found an escape hatch in the ceiling.
A giant newt comes into view.
You see here a mace.
The orc priest calls down the wrath of Beogh upon you.
Beogh smites you! The orc warrior barely misses you.
You barely miss the orc warrior. The orc warrior hits you with a flail!
You closely miss the orc warrior. The orc warrior barely misses you.
You closely miss the orc warrior.
The orc priest invokes the aid of Beogh against you.
Beogh smites you! The orc warrior hits you with a flail!!
* * * LOW HITPOINT WARNING * * *
You impale the orc warrior!!
The orc warrior is almost dead.
The orc warrior hits you with a flail!!
You die...

>.. #.. ## #.. .#
#># .# #.# .# ##!#
.#
#######..##o######
.....[...@oo.l....
######.###o######
#.# ..# #.# <...
#.# ..###
#.#################
#.................#
#################.#
#.#


You could see an orc warrior, an orc priest, an orc wizard, an orc and a giant
newt.

Vanquished Creatures
  The ghost of Liquid the Firebug, a novice DgFE (D:4)
  Sigmund (D:3)
  A hungry ghost (D:7)
  3 phantoms
  An ice beast (D:5)
  2 centaurs
  A giant frog (D:6)
  3 wights (D:6)
  2 crimson imps
  2 orc priests
  Ijyb (D:2)
  Jessica (D:2)
  An iguana (D:6)
  4 orc wizards
  8 worker ants (D:4)
  A worker ant zombie (D:6)
  11 adders
  9 gnolls
  2 oozes (D:1)
  An adder skeleton (D:5)
  A worm (D:2)
  2 dart slugs (D:1)
  A giant gecko (D:6)
  21 orcs
  2 ball pythons
  6 giant cockroaches
  8 goblins
  9 hobgoblins
  6 jackals
  8 kobolds
  3 quokkas
  A ball python zombie (D:6)
  9 bats
  2 giant gecko skeletons
  A giant gecko zombie (D:6)
  5 giant newts
  A quokka skeleton (D:4)
  8 rats
150 creatures vanquished.

Vanquished Creatures (others)
  An orc wizard (D:5)
  A bush (D:4)
2 creatures vanquished.

Grand Total: 152 creatures vanquished

Notes
Turn   | Place    | Note
--------------------------------------------------------------
     0 | D:1      | deorigin the Ogre Berserker began the quest for the Orb.
     0 | D:1      | Reached XP level 1. HP: 24/24 MP: 1/1
    27 | D:1      | Reached XP level 2. HP: 5/32 MP: 2/2
   362 | D:1      | Reached skill level 5 in Maces & Flails
   430 | D:1      | Reached XP level 3. HP: 27/39 MP: 3/3
   694 | D:1      | Reached ** piety under Trog
   945 | D:2      | Noticed Ijyb
   962 | D:2      | Killed Ijyb
   962 | D:2      | Reached skill level 6 in Maces & Flails
   962 | D:2      | Reached XP level 4. HP: 24/48 MP: 4/4
  1234 | D:2      | Reached skill level 7 in Maces & Flails
  1467 | D:2      | Reached XP level 5. HP: 43/54 MP: 5/5
  1714 | D:2      | Found a snail-covered altar of Cheibriados.
  1718 | D:2      | Noticed Jessica
  1728 | D:2      | Killed Jessica
  1798 | D:2      | Reached skill level 8 in Maces & Flails
  1941 | D:3      | Reached XP level 6. HP: 39/62 MP: 6/6
  1950 | D:3      | Reached *** piety under Trog
  2178 | D:3      | Reached skill level 9 in Maces & Flails
  2407 | D:3      | Noticed Sigmund
  2418 | D:3      | Killed Sigmund
  2418 | D:3      | Reached skill level 10 in Maces & Flails
  2418 | D:3      | Reached XP level 7. HP: 52/70 MP: 7/7
  2788 | D:3      | Found a shattered altar of Ashenzari.
  2919 | D:3      | Found a faded altar to an unknown god.
  3311 | D:4      | Found an iron altar of Okawaru.
  3321 | D:4      | Reached skill level 1 in Throwing
  3515 | D:4      | Noticed Liquid's ghost (novice DgFE)
  3536 | D:4      | Killed Liquid's ghost
  3536 | D:4      | Reached skill level 11 in Maces & Flails
  3536 | D:4      | Reached XP level 8. HP: 63/78 MP: 8/8
  3758 | D:4      | Found a shimmering altar of Xom.
  3788 | D:4      | Found a white marble altar of Elyvilon.
  3902 | D:4      | Reached skill level 12 in Maces & Flails
  4026 | D:4      | Found a blossoming altar of Fedhas.
  4051 | D:4      | Reached **** piety under Trog
  4824 | D:5      | Entered Level 5 of the Dungeon
  5140 | D:5      | Reached skill level 13 in Maces & Flails
  5477 | D:5      | Found a deep blue altar of Sif Muna.
  5721 | D:5      | Found a staircase to the Ecumenical Temple.
  5803 | D:5      | Found an opulent altar of Gozag.
  5847 | D:5      | Found an oddly glowing altar of Pakellas.
  6075 | D:6      | Reached XP level 9. HP: 74/84 MP: 9/9
  6077 | D:6      | Found Ceulaasi's Elemental Accessories.
  6532 | D:6      | Reached skill level 14 in Maces & Flails
  6745 | D:6      | Found a shadowy altar of Dithmenos.
  7056 | D:7      | Received a gift from Trog
  7230 | D:7      | Mangled by an orc warrior

Skill      XL: |  1  2  3  4  5  6  7  8  9 |
---------------+----------------------------+-----
Maces & Flails | 5 6 7 8 10 11 13 14 | 14.4
Throwing       | 2 3 |  3.9
Fighting       | |  4.0
Dodging        | |  2.6

Action                   |  1- 3 |  4- 6 |  7- 9 || total
-------------------------+-------+-------+-------++-------
Melee: Mace              |   123 |   125 |       ||   248
       Flail             |       |    45 |   194 ||   239
       Morningstar       |       |       |   123 ||   123
Invok: Berserk           |       |     1 |     2 ||     3
  Use: Scroll            |       |       |     5 ||     5
 Stab: Sleeping          |       |       |     2 ||     2
  Eat: Chunk             |       |     2 |    14 ||    16
       Bread ration      |       |     1 |       ||     1
       Beef jerky        |       |       |     3 ||     3
Armor: Animal skin       |    61 |    74 |    79 ||   214
Dodge: Dodged            |    69 |    93 |   129 ||   291
